 Dungeon Crawl Stone Soup version 0.30-a0-1164-ge08a67761e (webtiles) character file.

Game seed: 5220716189456070710

65 FlurksSlurper the Sneak (level 3, -1/27 HPs)
             Began as a Demonspawn Brigand on Apr 29, 2023.
             Slain by a goblin
             ... wielding a +0 club
             ... led by Robin
              (4 damage)
             ... on level 2 of the Dungeon.
             The game lasted 00:02:36 (846 turns).

FlurksSlurper the Sneak (Demonspawn Brigand)         Turns: 846, Time: 00:02:36

Health: -1/27      AC:  8    Str: 17    XL:     3   Next: 92%
Magic:  7/7        EV:  9    Int: 14    God:
Gold:   66         SH:  0    Dex: 14    Spells: 8/8 levels left

rFire   . . .        a - +2 dagger
rCold   . . .        (no shield)
rNeg    . . .        f - +0 scale mail
rPois   .            (helmet restricted)
rElec   .            c - +0 cloak
rCorr   .            j - +0 pair of gloves
SInv    .            (no boots)
Will    .....        (no amulet)
Stlth   +            i - +6 ring of strength
HPRegen 0.24/turn    (no ring)
MPRegen 0.10/turn

%: no passive effects
@: no status effects
A: horns 1, demonic guardian 1
a: no special abilities


You were on level 2 of the Dungeon.
You visited 1 branch of the dungeon, and saw 2 of its levels.

You collected 66 gold pieces.

Inventory:

Hand Weapons
 a - a +2 dagger (weapon)
Missiles
 e - 2 curare-tipped darts (quivered)
Armour
 c - a +0 cloak (worn)
 f - a +0 scale mail (worn)
 j - a +0 pair of gloves (worn)
Jewellery
 i - a +6 ring of strength (left hand)
Potions
 b - a potion of flight
 g - a potion of lignification {unknown}
 h - a potion of curing {unknown}


   Skills:
 - Level 2.0 Fighting
 - Level 1.7 Short Blades
 - Level 1.7 Throwing
 - Level 0.8 Dodging
 - Level 3.6 Stealth
 + Level 3.3 Spellcasting


You had 8 spell levels left.
You didn't know any spells.
Your spell library was empty.

Dungeon Overview and Level Annotations

Branches:
Dungeon (2/15)

Altars:


Innate Abilities, Weirdness & Mutations

You have a pair of small horns on your head.
A weak demonic guardian rushes to your aid.


Message History

The goblin is severely wounded.
You float gracefully downwards.
The goblin hits you with a +0 club.
You hit the goblin.
You kill the goblin!
The goblin barely misses you. The goblin hits you with a +0 club.
Unknown command.
You completely miss the goblin. You headbutt the goblin.
The goblin is severely wounded.
The goblin hits you but does no damage. x3
You hit the goblin.
You kill the goblin!
The goblin closely misses you. The goblin misses you.
You hit the goblin.
The goblin is severely wounded.
The goblin hits you with a +0 club. The goblin hits you but does no damage.
The goblin barely misses you.
You barely miss the goblin. You headbutt the goblin.
You kill the goblin!
The goblin hits you but does no damage. The goblin barely misses you.
You barely miss the giant cockroach.
The giant cockroach bites you but does no damage.
The goblin hits you with a +0 club. x2
* * * LOW HITPOINT WARNING * * *
You hit the giant cockroach but do no damage.
The giant cockroach closely misses you. The goblin barely misses you.
The goblin hits you but does no damage. The giant cockroach bites you.
* * * LOW HITPOINT WARNING * * *
A demonic guardian appears!
You barely miss the giant cockroach. You headbutt the giant cockroach.
You kill the giant cockroach!
The goblin hits you but does no damage. The goblin hits you with a +0 club.
* * * LOW HITPOINT WARNING * * *
Your quasit barely misses the goblin.
Your quasit claws the goblin.
Your quasit barely misses the goblin.
Unknown command.
You hit the goblin.
You kill the goblin!
Your quasit closely misses the goblin.
Your quasit misses the goblin.
Your quasit closely misses the goblin.
The goblin hits you with a +0 club.
You die...

#.. #.. #..
#..## ##...#
#....#####
##.....gg@#
###.......gg##..
....!....5..(...
###...<....####
#........#
#...)....#
#...>..?.#
#:.......#
#..$.....#


You could see a hobgoblin, 3 goblins and a friendly quasit (summoned).

Vanquished Creatures
  Robin (D:2)
  3 dart slugs (D:1)
  A ball python (D:1)
  3 bats (D:1)
  3 endoplasms (D:1)
  4 giant cockroaches
  7 goblins (D:2)
  5 hobgoblins
  4 jackals (D:2)
  6 kobolds
  A quokka (D:1)
  A frilled lizard (D:2)
  4 rats (D:1)
43 creatures vanquished.

Notes
Turn   | Place    | Note
-------+----------+-------------------------------------------
     0 | D:1      | FlurksSlurper the Demonspawn Brigand began the quest for
                  | the Orb.
     0 | D:1      | Reached XP level 1. HP: 16/16 MP: 1/1
    65 | D:1      | Reached skill level 1 in Spellcasting
   193 | D:1      | Gained mutation: A weak demonic guardian rushes to your
                  | aid. [demonic ancestry]
   193 | D:1      | Reached XP level 2. HP: 22/22 MP: 2/4
   593 | D:1      | Gained mutation: You have a pair of small horns on your
                  | head. [demonic ancestry]
   593 | D:1      | Reached XP level 3. HP: 27/27 MP: 6/6
   770 | D:1      | Found a faded altar of an unknown god.
   793 | D:2      | Noticed Robin
   800 | D:2      | Killed Robin
   846 | D:2      | Slain by a goblin

Illustrated notes

Levels and vault maps discovered:
D:1:      minmay_arrival_loop, layout_rooms,
          hellmonk_ecumenical_altar_defaced_shrine, minmay_misc_feat_chi
D:2:      layout_rooms, uniq_jessica, uniq_robin

Skill      XL: |  1  2  3 |
---------------+----------+-----
Spellcasting   | 1 2 3 |  3.3
Fighting       | |  2.0
Short Blades   | |  1.7
Throwing       | |  1.7
Dodging        | |  0.8
Stealth        | |  3.6

Action                     || total
---------------------------++-------
  Melee: Dagger            ||   123
         Headbutt          ||    11
  Throw: Dart              ||    10
    Use: Potion            ||     1
 Armour: Scale mail        ||   124
         Robe              ||     6
  Dodge: Dodged            ||   112

Table legend: (Time is in decaauts)
 A = Elapsed time spent in this place.
 B = Non-inter-level travel time spent in this place.
 C = Inter-level travel time spent in this place.
 D = Time resting spent in this place.
 E = Time spent auto-exploring this place.
 F = Levels seen in this place.
 G = Mean time per level.
                   A        B        C        D        E       F      G
               +--------+--------+--------+--------+--------+-----+--------+
         Total |    833 |    795 |     38 |     47 |    472 |   2 |  416.5 |
       Dungeon |    833 |    795 |     38 |     47 |    472 |   2 |  416.5 |
               +--------+--------+--------+--------+--------+-----+--------+

Top non-repeatable levels by time:
     D:1: 784 daAuts
     D:2: 49 daAuts
